 Dungeon Crawl Stone Soup version 0.31-a0-889-g1a8549509d (webtiles) character file.

Game seed: 10297860664118069906

751 Gergoth the Digger (level 7, 0/57 HPs)
             Began as a Demigod Earth Elementalist on Oct 16, 2023.
             Slain by Pikel
             ... wielding a +2 whip of freezing
              (5 damage)
             ... on level 5 of the Dungeon.
             The game lasted 00:12:28 (4951 turns).

Gergoth the Digger (Demigod Earth Elementalist)     Turns: 4951, Time: 00:12:28

Health: 0/57       AC:  4    Str:  9    XL:     7   Next: 24%
Magic:  7/15       EV: 17    Int: 25    God:
Gold:   323        SH:  5    Dex: 14    Spells: 5/13 levels left

rFire   . . .        m - +2 dagger (drain)
rCold   . . .        (no shield)
rNeg    . . .        a - +0 robe
rPois   .            (no helmet)
rElec   .            n - +0 cloak
rCorr   .            h - +0 pair of gloves
SInv    .            (no boots)
Will    +....        w - amulet of reflection
Stlth   ++           i - +5 ring of evasion
HPRegen 0.29/turn    u - ring of willpower
MPRegen 0.14/turn

%: reflection
@: no status effects
A: high MP 1, forlorn, divine attributes
a: no special abilities


You were on level 5 of the Dungeon.
You visited 2 branches of the dungeon, and saw 7 of its levels.

You collected 323 gold pieces.

Inventory:

Hand Weapons
 m - a +2 dagger of draining (weapon)
 o - a +1 dagger of protection
Missiles
 r - 16 poisoned darts
Armour
 a - a +0 robe (worn)
 h - a +0 pair of gloves (worn)
 n - a +0 cloak (worn)
 z - an orb of guile
Jewellery
 i - a +5 ring of evasion (left hand)
 l - a ring of protection from cold
 u - a ring of willpower (right hand)
 w - an amulet of reflection (around neck)
Wands
 c - a wand of flame (32)
 j - a wand of digging (4)
Scrolls
 d - 2 scrolls of revelation
 g - a scroll of identify
 t - 2 scrolls of teleportation
 v - 2 scrolls of immolation
Potions
 b - a potion of magic
 e - 2 potions of heal wounds
 f - 3 potions of curing {unknown}
 k - a potion of lignification
 p - 2 potions of enlightenment {unknown}
 s - a potion of mutation {unknown}
 x - 3 potions of brilliance


   Skills:
 + Level 3.3 Fighting
 - Level 2.0 Dodging
 - Level 2.0 Stealth
 + Level 3.6 Spellcasting
 + Level 2.1 Conjurations
 - Level 0.8 Hexes
 - Level 1.6 Transmutations
 + Level 2.1 Ice Magic
 + Level 4.5 Earth Magic


You had 5 spell levels left.
You knew the following spells:

 Your Spells              Type           Power      Damage    Failure   Level
a - Sandblast             Erth           54%        2d13      1%          1
b - Passwall              Tmut/Erth      16%        N/A       4%          2
c - Stone Arrow           Conj/Erth      42%        3d9       7%          3
d - Ensorcelled Hibernat  Hex/Ice        24%        N/A       8%          2

Your spell library contained the following spells:

 Spells                   Type           Power      Damage    Failure   Level
 Wereblood                Tmut           12%        N/A       8%          2
 Sublimation of Blood     Necr           4%         N/A       14%         2
 Brom's Barrelling Bould  Conj/Erth      21%        2d4       24%         4
 Petrify                  Tmut/Erth      20%        N/A       26%         4
 Swiftness                Air            4%         N/A       28%         3
 Summon Hydra             Summ           2%         N/A       100%        7


Dungeon Overview and Level Annotations

Branches:
Dungeon (6/15)             Temple (1/1) D:4

Shops:
D:3 *   D:4 :   D:6 :

Annotations:
D:5 Pikel


Innate Abilities, Weirdness & Mutations

You have an increased reservoir of magic. (+10% MP)
You shall have no god before yourself.
Your divine heritage dramatically boosts your attributes as you level up.


Message History

Casting: Ensorcelled Hibernation (safe; 8% risk of failure)
Confirm with . or Enter, or press ? or * to list all spells.
Aiming: Ensorcelled Hibernation (safe; 8% risk of failure)
Press: ? - help, Shift-Dir - straight line, f/p - Pikel
Aim: Pikel, wielding a +2 whip of freezing, wearing a +0 robe and carrying a wand of flame (chance to affect: 46%) Pikel looks drowsy...
The helpless Pikel fails to defend himself.
You hit Pikel.
Pikel is lightly wounded.
Pikel misses you.
You closely miss Pikel.
Pikel is lightly wounded.
Pikel hits you with a +2 whip of freezing!
Pikel freezes you. The lemure misses you.
You hit Pikel but do no damage. You drain Pikel.
Pikel is moderately wounded.
Pikel hits you with a +2 whip of freezing!
Pikel freezes you. The lemure hits you! You block the lemure's attack.
You hit Pikel but do no damage. You drain Pikel.
Pikel is moderately wounded.
The lemure completely misses you.
Pikel hits you with a +2 whip of freezing.
* * * LOW HITPOINT WARNING * * *
Pikel freezes you.
* * * LOW HITPOINT WARNING * * *
You block the lemure's attack.
You hit Pikel but do no damage. You drain Pikel.
Pikel is moderately wounded.
Pikel hits you with a +2 whip of freezing.
* * * LOW HITPOINT WARNING * * *
Pikel freezes you.
* * * LOW HITPOINT WARNING * * *
You block the lemure's attack. The lemure hits you but does no damage.
Your magical contamination has completely faded away.
You closely miss Pikel.
Pikel is moderately wounded.
The lemure misses you.
Pikel hits you with a +2 whip of freezing.
You die...
Pikel says, "See you in Hell!"

#...#####....###..# ....
.............# ##.## 5.#
............## ##.## ..#
.....######.# #..###.#
.....## ##..## #.....5#
......###....# ##..#..##
......#...##..###..###.##
###.....### #..#5K## ..#
###..#..# #.5@## #.....
#. #..##..## ##..#
##..##..####.. ##.####..#
##.##.<### #...... #.##
##.# ##.....# #....# ###
### #.....## #....## #
#....###.## #...... ##.##
#..# #...... ## ##.#
##......
######.######.......


You could see Pikel (very drained) and 2 lemures.

Vanquished Creatures
  Sigmund (D:3)
  An ogre (D:4)
  2 lemures (D:5)
  A phantom (D:5)
  An orc priest (D:4)
  2 iguanas
  Jessica (D:2)
  Ijyb (D:5)
  Natasha (thrice) (D:2)
  2 orc wizards
  8 adders
  2 ufetubi (D:6)
  A worm (D:2)
  12 orcs
  4 bats
  8 endoplasms
  5 giant cockroaches
  9 goblins
  6 hobgoblins
  5 jackals
  A quokka (D:2)
  8 ball pythons
  2 frilled lizards
  6 kobolds
  3 rats
95 creatures vanquished.

Notes
Turn   | Place    | Note
-------+----------+-------------------------------------------
     0 | D:1      | Gergoth the Demigod Earth Elementalist began the quest for
                  | the Orb.
     0 | D:1      | Reached XP level 1. HP: 14/14 MP: 5/5
   209 | D:1      | Reached skill level 1 in Transmutations
   352 | D:1      | Reached XP level 2. HP: 18/20 MP: 1/7
  1053 | D:2      | Reached skill level 3 in Earth Magic
  1259 | D:2      | Reached skill level 1 in Fighting
  1259 | D:2      | Reached XP level 3. HP: 28/28 MP: 3/8
  1419 | D:2      | Noticed Jessica
  1423 | D:2      | Killed Jessica
  1518 | D:2      | Noticed Natasha
  1526 | D:2      | Killed Natasha
  1527 | D:2      | Reached XP level 4. HP: 23/36 MP: 4/10
  1630 | D:2      | Noticed Natasha
  1633 | D:2      | Killed Natasha
  1799 | D:2      | Noticed Natasha
  1803 | D:2      | Killed Natasha
  1804 | D:2      | Reached XP level 5. HP: 31/41 MP: 7/12
  2197 | D:3      | Found Hihiaqose's Assorted Antiques.
  2373 | D:3      | Noticed Sigmund
  2441 | D:3      | Learned a level 2 spell: Passwall
  2445 | D:3      | Learned a level 3 spell: Stone Arrow
  2448 | D:3      | Learned a level 2 spell: Ensorcelled Hibernation
  2555 | D:4      | Found Sesedeoda's Book Boutique.
  2612 | D:4      | Noticed an ogre
  2620 | D:4      | Killed an ogre
  2667 | D:4      | Reached skill level 4 in Earth Magic
  2667 | D:4      | Reached XP level 6. HP: 50/50 MP: 9/13
  2769 | D:4      | Reached skill level 1 in Ice Magic
  2886 | D:4      | Found a staircase to the Ecumenical Temple.
  2934 | Temple   | Entered the Ecumenical Temple
  3114 | D:3      | Reached skill level 1 in Conjurations
  3382 | D:3      | Killed Sigmund
  3577 | D:5      | Entered Level 5 of the Dungeon
  3577 | D:5      | Noticed Ijyb
  3583 | D:5      | Killed Ijyb
  3592 | D:5      | Reached XP level 7. HP: 9/57 MP: 2/15
  3853 | D:5      | Noticed Pikel
  4012 | D:6      | Found Eghasiux's Book Emporium.
  4951 | D:5      | Slain by Pikel

Illustrated notes

Levels and vault maps discovered:
D:1:      dpeg_arrival_arbitrary_a, layout_basic
D:2:      layout_basic, uniq_jessica, uniq_natasha
D:3:      layout_basic, serial_shops, nicolae_shop_tiny_statue_garden,
          minmay_hedge_maze, st_stairs_7, uniq_sigmund
D:4:      layout_rooms, old_standard_altar, minmay_temple_entry_proselytizer,
          nicolae_take_the_stairs
D:5:      layout_layer_cave, mainiacjoe_overflow_24_doors, uniq_pikel, uniq_ijyb
D:6:      layout_loops_corners, serial_shops, nicolae_shop_gibbet_a_chance,
          moated_statue, nicolae_benzene_ring, corexii_leaking_fountain
Temple:   lightli_temple_of_artemis

Skill      XL: |  1  2  3  4  5  6  7 |
---------------+----------------------+-----
Transmutations | 1 |  1.6
Stealth        | 2 |  2.0
Dodging        | 2 |  2.0
Spellcasting   | 2 3 |  3.6
Earth Magic    | 3 4 |  4.5
Fighting       | 1 2 3 |  3.3
Ice Magic      | 1 2 |  2.1
Conjurations   | 1 2 |  2.1
Hexes          | |  0.8

Action                     |  1- 3 |  4- 6 |  7- 9 || total
---------------------------+-------+-------+-------++-------
  Melee: Unarmed           |    30 |       |       ||    30
         Punch             |     1 |       |       ||     1
         Dagger            |     5 |    25 |     6 ||    36
   Cast: Sandblast         |    46 |    85 |    27 ||   158
         Ensorcelled Hiber |       |     1 |     2 ||     3
    Use: Scroll            |       |     6 |     7 ||    13
   Stab: Sleeping          |     2 |     1 |     1 ||     4
 Armour: Robe              |    27 |    34 |    16 ||    77
  Dodge: Dodged            |    47 |    41 |    11 ||    99
  Block: Other             |       |     3 |     7 ||    10
         Form:             |     1 |       |       ||     1
         Beast             |     1 |       |       ||     1

Table legend: (Time is in decaauts)
 A = Elapsed time spent in this place.
 B = Non-inter-level travel time spent in this place.
 C = Inter-level travel time spent in this place.
 D = Time resting spent in this place.
 E = Time spent auto-exploring this place.
 F = Levels seen in this place.
 G = Mean time per level.
                   A        B        C        D        E       F      G
               +--------+--------+--------+--------+--------+-----+--------+
         Total |   5029 |   4874 |    155 |    607 |   3059 |   7 |  718.4 |
       Dungeon |   5002 |   4847 |    155 |    607 |   3059 |   6 |  833.7 |
        Temple |     27 |     27 |      0 |      0 |      0 |   1 |   27.0 |
               +--------+--------+--------+--------+--------+-----+--------+

Top non-repeatable levels by time:
     D:2: 1270 daAuts
     D:1: 900 daAuts
     D:3: 875 daAuts
     D:5: 812 daAuts
     D:4: 597 daAuts
     D:6: 545 daAuts
  Temple: 27 daAuts
